 Dungeon Crawl Stone Soup version 0.31.0-11-ge490571c62 (webtiles) character file.

Game seed: 16352780746699299748

56 Esekla the Grave Robber (level 3, 23/23 HPs)
             Began as an Octopode Necromancer on Feb 2, 2024.
             Quit the game on level 5 of the Dungeon.
             The game lasted 00:06:03 (1216 turns).

Esekla the Grave Robber (Octopode Necromancer)      Turns: 1216, Time: 00:06:04

Health: 23/23      AC:  1    Str:  7    XL:     3   Next: 97%
Magic:  6/6        EV: 13    Int: 19    God:
Gold:   111        SH:  0    Dex: 12    Spells: 2/6 levels left

rFire   . . .        c - +0 dagger
rCold   . . .        (no shield)
rNeg    . . .        (helmet restricted)
rPois   .            (no amulet)
rElec   .            (no ring)
rCorr   .            (no ring)
SInv    .            (no ring)
Will    .....        (no ring)
Stlth   +++          (no ring)
HPRegen 0.23/turn    (no ring)
MPRegen 0.10/turn    (no ring)
                     (no ring)

%: no passive effects
@: no status effects
A: almost no armour, amphibious, 8 rings, camouflage 1, gelatinous body 1,
(nimble swimmer 1), tentacles
a: no special abilities


You were on level 5 of the Dungeon.
You visited 1 branch of the dungeon, and saw 4 of its levels.

You collected 111 gold pieces.

Inventory:

Hand Weapons
 c - a +0 dagger (weapon)
Scrolls
 b - 2 scrolls of teleportation {unknown}
 e - a scroll of immolation
 f - 2 scrolls of identify {unknown}
 h - a scroll of fear {unknown}
Potions
 a - 2 potions of magic
 d - a potion of lignification {unknown}
 g - a potion of heal wounds {unknown}


   Skills:
 * Level 1.2 Fighting
 + Level 0.1 Short Blades
 + Level 2.2 Dodging
 + Level 3.0 Stealth
 * Level 2.3 Spellcasting
 * Level 4.7 Necromancy


You had 2 spell levels left.
You knew the following spells:

 Your Spells              Type           Power      Damage    Failure   Level
a - Necrotise             Necr           80%        1d8       2%          1
d - Vampiric Draining     Necr           20%        2d7       7%          3

Your spell library contained the following spells:

 Spells                   Type           Power      Damage    Failure   Level
 Animate Dead             Necr           20%        N/A       24%         4
 Curse of Agony           Necr           20%        N/A       54%         5


Dungeon Overview and Level Annotations

Branches:
Dungeon (5/15)
 Temple: D:4-7

Altars:
Ru

Annotations:
D:2 Sigmund


Innate Abilities, Weirdness & Mutations

You cannot wear most types of armour.
You are amphibious.
You can wear up to eight rings at the same time.
Your skin changes colour to match your surroundings (Stealth+).
Your rubbery body absorbs attacks. (AC +1, EV +1)
((You are camouflaged when in or above water. (Stealth+)))
You have tentacles for arms and can constrict up to eight enemies at once.


Message History

You fall into a shaft and drop 1 floor!
The shaft crumbles and collapses.
You hear the sound of rushing water.
There is an entrance to a sewer on this level.
Hurry and find it before the portal rusts away!
Found 4 gold pieces and a scroll labelled QAMYOH NIGUNT.
An adder comes into view.
The helpless adder fails to defend itself.
You puncture the adder! Your grab misses the adder.
Your squeeze misses the adder.
The adder is severely wounded.
The adder closely misses you.
You miss the adder. Your grab misses the adder. Your squeeze misses the adder.
The adder is severely wounded.
The adder bites you. The adder closely misses you.
You hit the adder. Your grab misses the adder.
The adder is almost dead.
The adder misses you.
You barely miss the adder. Your grab misses the adder.
The adder is almost dead.
The adder bites you.
You completely miss the adder. You grab the adder.
The adder is almost dead.
You constrict the adder, but do no damage.
The adder bites you. The adder closely misses you.
You hit the adder.
You kill the adder!
Your Stealth skill increases to level 3!
You see here an adder corpse.
You open the door.
Found a dagger and a rapier.
There is an open door here.
There is an open door here.
Found a fluorescent wand.
f - 2 scrolls labelled QAMYOH NIGUNT (gained 1)
Found a stone staircase leading up.
You now have 103 gold pieces (gained 4).
There is a stone staircase leading up here.
Found 8 gold pieces.
You now have 111 gold pieces (gained 8).
Are you sure you want to abandon this character and quit the game? (Confirm with "yes".)

### ..# #.# #.#
## #.## ..#
#.####..## #.#
#......#.###.#
#.###.###.#..#
#@## ##.<.###
##.###......###.#
..#...........#
##........######
##............#
##......####.#
#######.####.#
#~~.~~#.#.....
#~...~#.#.##.#


There were no monsters in sight!

Vanquished Creatures
  A gnoll (D:1)
  An adder (D:5)
  2 ball pythons
  An endoplasm (D:1)
  2 giant cockroaches (D:1)
  3 goblins (D:1)
  5 hobgoblins
  4 jackals (D:1)
  2 quokkas (D:1)
  A bat (D:1)
  5 frilled lizards (D:1)
  A kobold (D:1)
  7 rats
35 creatures vanquished.

Notes
Turn   | Place    | Note
-------+----------+-------------------------------------------
     0 | D:1      | Esekla the Octopode Necromancer began the quest for the
                  | Orb.
     0 | D:1      | Reached XP level 1. HP: 11/11 MP: 3/3
   166 | D:1      | Reached XP level 2. HP: 4/18 MP: 5/5
   501 | D:1      | Reached XP level 3. HP: 22/22 MP: 6/6
   505 | D:1      | Learned a level 3 spell: Vampiric Draining
   578 | D:1      | Reached skill level 1 in Fighting
   867 | D:1      | Found a faded altar of an unknown god.
  1075 | D:2      | Noticed Sigmund
  1089 | D:2      | You fall into a shaft and drop 2 floors!
  1089 | D:4      | Found a sacrificial altar of Ru.
  1130 | D:4      | Noticed an ogre
  1167 | D:4      | You fall into a shaft and drop 1 floor!
  1167 | D:5      | Entered Level 5 of the Dungeon
  1216 | D:5      | Quit the game

Illustrated notes

Levels and vault maps discovered:
D:1:      noname_arrival_rooms_in_the_neighbourhood, layout_basic,
          hellmonk_ecumenical_altar_blasted, minmay_rat_gold_closets
D:2:      layout_loops_corners, serial_shops, nicolae_shop_rolling_square,
          uniq_terence, uniq_sigmund
D:4:      layout_cave_pools, nicolae_ru_sacrificial_ziggurat, serial_park,
          serial_park_fountain, serial_park_square1
          [serial_park_minivault_5x5_2], serial_park_square1
          [serial_park_minivault_5x5_1], serial_park_tiny_2, serial_park_tiny_2,
          serial_park_tiny_2, lightli_ossuary_entry_decrepit_ruins,
          kennysheep_small_square, uniq_natasha
D:5:      layout_loops_cross, marbit_many_paths, mainiacjoe_overflow_brackets,
          nicolae_overflow_hidden_temple, portal_sewer_entry_a,
          kennysheep_generic_room_13

Skill      XL: |  1  2  3 |
---------------+----------+-----
Fighting       | 1 |  1.2
Stealth        | 3 |  3.0
Short Blades   | |  0.1
Dodging        | |  2.2
Spellcasting   | |  2.3
Necromancy     | |  4.7

Action                     || total
---------------------------++-------
  Melee: Unarmed           ||    38
         Tentacles         ||    18
         Constrict         ||    21
         Dagger            ||    59
   Stab: Sleeping          ||    11
 Armour: Skin              ||    34
  Dodge: Dodged            ||    56
